 Dungeon Crawl Stone Soup version 0.31.0-12-g77e489cdc1 (webtiles) character file.

Game seed: 8167542933457837485

41096 spaghetti the Spry (level 13, -21/83 HPs)
             Began as a Mummy Hunter on Feb 18, 2024.
             Was an Initiate of Gozag.
             Engulfed by a fire crab's flame (36 damage)
             ... on level 4 of the Lair of Beasts.
             The game lasted 00:21:59 (15084 turns).

spaghetti the Spry (Mummy Hunter)                  Turns: 15084, Time: 00:21:59

Health: -21/83     AC: 10    Str: 14    XL:     13   Next: 78%
Magic:  13/13      EV: 32    Int:  9    God:    Gozag
Gold:   1278       SH:  0    Dex: 35    Spells: 12/12 levels left

rFire   x . .        l - +5 sling (drain)
rCold   + . .        q - orb of Naffuod {light, Dex+3 Slay+3}
rNeg    + + +        z - +2 robe
rPois   ∞            (no helmet)
rElec   .            F - +1 cloak {rPois}
rCorr   .            v - +2 pair of gloves {hurl}
SInv    .            c - +0 pair of boots
Will    .....        j - amulet of the acrobat
Stlth   +            k - +6 ring of dexterity
HPRegen 0.33/turn    r - +6 ring of dexterity
MPRegen 0.13/turn

%: acrobat, faith
@: weak-willed, gold aura, glowing
A: cold resistance 1, negative energy resistance 3, torment resistance 2, heat
vulnerability 1, in touch with death 2, no potions, faith
a: Renounce Religion, Potion Petition, Call Merchant, Bribe Branch


You were on level 4 of the Lair of Beasts.
You worshipped Gozag.
Gozag was most pleased with you.
You visited 3 branches of the dungeon, and saw 18 of its levels.
You also visited: Ossuary.

You collected 4753 gold pieces.
You spent 1568 gold pieces at shops.
You paid 1907 gold pieces to Gozag.

Inventory:

Hand Weapons
 a - a +0 shortbow
 l - a +5 sling of draining (weapon)
 E - a +2 longbow of draining
Missiles
 o - 2 throwing nets
Armour
 c - a +0 pair of boots (worn)
 q - the orb of Naffuod (worn) {light, Dex+3 Slay+3}
   (You found it on level 5 of the Dungeon)

   Dex+3:     It affects your dexterity (+3).
   Slay+3:    It affects your accuracy & damage with ranged weapons and melee
   (+3).
 v - a +2 pair of gloves of hurling (worn)
 z - a +2 robe (worn)
 F - a +1 cloak of poison resistance (worn)
Jewellery
 f - a ring of protection from cold
 j - an amulet of the acrobat (around neck)
 k - a +6 ring of dexterity (left hand)
 m - a +6 ring of strength
 r - a +6 ring of dexterity (right hand)
 t - a ring of willpower
 x - a +6 ring of strength
 y - a ring of resist corrosion
 H - the ring "Setzesum" {rF+ SInv}
   (You found it on level 3 of the Lair of Beasts)

   [ring of protection from fire]

   rF+:       It protects you from fire.
   SInv:      It lets you see invisible.
Wands
 d - a wand of iceblast (33)
 g - a wand of light (14)
 n - a wand of polymorph (8)
 s - a wand of flame (15)
Scrolls
 b - a scroll of butterflies
 e - 8 scrolls of identify
 h - 3 scrolls of fog
 i - a scroll of immolation
 p - a scroll of blinking
 u - 3 scrolls of teleportation
 w - 2 scrolls of torment
 A - 6 scrolls of amnesia
 B - a scroll of fear
 C - a scroll of vulnerability
 D - a scroll of enchant weapon
 J - a scroll of revelation {unknown}


   Skills:
 - Level 2.0 Fighting
 - Level 14.0 Ranged Weapons
 + Level 15.2 Dodging
 - Level 0.7 Stealth


You had 12 spell levels left.
You didn't know any spells.
Your spell library contained the following spells:

 Spells                   Type           Power      Damage    Failure   Level
 Apportation              Tloc           0%         N/A       38%         1
 Blink                    Tloc           0%         N/A       52%         2
 Jinxbite                 Hex            0%         N/A       52%         2
 Lesser Beckoning         Tloc           0%         N/A       52%         2
 Momentum Strike          Conj/Tloc      0%         3d8       52%         2
 Fugue of the Fallen      Necr           0%         N/A       77%         3
 Ozocubu's Armour         Ice            0%         N/A       77%         3
 Volatile Blastmotes      Fire/Tloc      0%         2d10      77%         3
 Fulminant Prism          Conj/Alch      0%         3d5       99%         4
 Iskenderun's Mystic Bla  Conj/Tloc      0%         2d3       99%         4
 Manifold Assault         Tloc           0%         N/A       99%         4
 Vhi's Electric Charge    Tloc/Air       0%         N/A       99%         4
 Alistair's Intoxication  Alch           0%         N/A       100%        5
 Arcjolt                  Conj/Air       0%         1d10      100%        5
 Summon Forest            Summ/Tloc      0%         N/A       100%        5
 Summon Mana Viper        Hex/Summ       0%         N/A       100%        5
 Plasma Beam              Fire/Air       0%         2x1d10    100%        6
 Summon Cactus Giant      Summ           0%         N/A       100%        6


Dungeon Overview and Level Annotations

Branches:
Dungeon (13/15)            Temple (1/1) D:6            Lair (4/5) D:10
  Swamp (0/4) Lair:2       Spider (0/4) Lair:2          Orc (0/2) D:12
Ossuary (visited)
  Slime: Lair:4-5    Vaults: D:13-14

Altars:
Ashenzari
Cheibriados
Dithmenos
Fedhas
Gozag
Hepliaklqana
Kikubaaqudgha
Makhleb
Nemelex Xobeh
Okawaru
Qazlal
Ru
Sif Muna
Trog
Uskayaw
Vehumet
Wu Jian
Xom
Yredelemnul
Jiyva

Shops:
D:1 !   D:2 =*[*:   D:4 (   D:5 *   D:12 [   Lair:2 [

Annotations:
Lair:1 3 runed translucent doors, Ypamuuh's ghost, journeyman OpSh
Lair:4 Lutiheq's ghost, journeyman DrSh


Innate Abilities, Weirdness & Mutations

You are immune to poison.
Your flesh is cold resistant. (rC+)
You are immune to negative energy. (rN+++)
You are immune to unholy pain and torment.
You are vulnerable to heat. (rF-)
You are strongly in touch with the powers of death.
You do not drink.
You have a special connection with the divine. (Faith)


Message History

It is a scroll of enchant armour.
Your +1 pair of gloves of hurling glows green for a while.
Okay, then.
You can't drink.
Okay, then.
Aiming: Charm
Press: ? - help, Shift-Dir - straight line, f - eight-headed hydra
Aim: an eight-headed hydra (lightly wounded, chance to affect: 17%)
The eight-headed hydra resists with almost no effort.
Aiming: Charm
Press: ? - help, Shift-Dir - straight line, f - centaur, p - eight-headed hydra
Aim: a centaur, wielding a +0 orcbow (chance to affect: 49%)
The centaur is charmed.
The eight-headed hydra bites your centaur!
The eight-headed hydra bites your centaur but does no damage.
The eight-headed hydra barely misses your centaur.
The eight-headed hydra bites your centaur!
Your centaur dies!
Okay, then.
You can't drink.
Unknown command.
Okay, then.
As you read the scroll of vulnerability, it crumbles to dust.
A wave of despondency washes over your surroundings.
The fire crab breathes flames at you.
Aiming: Charm
Press: ? - help, Shift-Dir - straight line, f - eight-headed hydra
Aim: an eight-headed hydra (lightly wounded, weak-willed, chance to affect: 39%)
The eight-headed hydra resists with some effort.
You are engulfed in blazing flames.
* * * LOW HITPOINT WARNING * * *
Unknown command.
Unknown command.
Aiming: Charm
Press: ? - help, Shift-Dir - straight line, f/p - eight-headed hydra
Aim: an eight-headed hydra (flame, lightly wounded, weak-willed, haloed, chance to affect: 39%)
The eight-headed hydra resists with some effort.
The now-empty wand crumbles to dust.
You are engulfed in blazing flames.
You die...
Your body crumbles into a pile of gold.

####........°P°°°........##...#..
.###.........................#...
...##.♣.P.....○t..P...##.........
....#.........°.......#.......#..
...+.>P.♣.......$..♣..........#..
###..#...♣...°°○D°P....#.....#...
# #.##.....♣..°○°#.....#..#.###..
####.........°°°°.....##.##.##...
................@................
#P##.####..#.#####.P####....#P.##
###### ###### #### ########


You could see an eight-headed hydra (weak-willed) and a fire crab (weak-willed,
drained).

Vanquished Creatures
  Nessos (D:12)
  2 two-headed ogres
  Erica (D:8)
  3 centaur warriors (D:13)
  4 death yaks (Lair:1)
  A skyshark (Lair:4)
  A pharaoh ant (Lair:2)
  2 spriggan druids (Lair:2)
  2 lindwurms (Lair:3)
  An ugly thing (D:13)
  11 elephants
  5 black mambas
  A torpor snail (Lair:4)
  4 cane toads
  5 rime drakes
  2 tengu conjurers
  6 komodo dragons
  6 polar bears
  5 trolls
  A tarantella (Lair:2)
  Grinder (D:6)
  A hornet (Lair:2)
  12 blink frogs
  3 dream sheep (Lair:4)
  A slime creature (D:13)
  A vampire (D:12)
  A shadow (D:12)
  6 wyverns
  A wraith (D:11)
  Sigmund (D:3)
  2 fire bats (Lair:3)
  21 yaks
  3 basilisks
  A steam dragon (D:8)
  3 acid dragons
  9 water moccasins
  A swamp drake (D:12)
  7 ice beasts
  2 sky beasts
  2 black bears
  2 orc warriors (D:12)
  An ogre (D:7)
  31 wolves
  15 centaurs
  A phantom (D:5)
  3 kobold brigands
  Blork the orc (D:6)
  2 weeping skulls (Ossuary)
  10 bullfrogs
  3 scorpions
  8 wights
  6 killer bees (D:7)
  8 howler monkeys
  A bombardier beetle (D:4)
  A centaur zombie (D:3)
  8 hounds
  3 human zombies (Ossuary)
  8 orc priests
  4 jellies
  A gnoll bouda (D:5)
  4 sleepcaps
  Terence (D:2)
  3 iguanas
  7 orc wizards
  5 hell rats (Lair:4)
  2 mummies (Ossuary)
  4 gnolls (D:5)
  7 adders
  A shadow imp (D:6)
  2 white imps
  4 ufetubi
  2 dart slugs (D:2)
  A ribbon worm (D:5)
  29 orcs
  4 bats
  7 endoplasms
  3 giant cockroaches
  6 goblins
  8 hobgoblins
  5 quokkas
  9 ball pythons
  6 frilled lizards
  A gnoll zombie (Ossuary)
  25 kobolds
  An orc zombie (Ossuary)
  A quokka zombie (D:3)
  8 rats
416 creatures vanquished.

Vanquished Creatures (others)
  2 centaurs
2 creatures vanquished.

Grand Total: 418 creatures vanquished

Notes
Turn   | Place    | Note
-------+----------+-------------------------------------------
     0 | D:1      | spaghetti the Mummy Hunter began the quest for the Orb.
     0 | D:1      | Reached XP level 1. HP: 16/16 MP: 1/1
    35 | D:1      | Found Meroclui's Distillery.
   212 | D:1      | Found a faded altar of an unknown god.
   244 | D:1      | Reached XP level 2. HP: 22/22 MP: 2/2
   652 | D:2      | Found Eqeryt's Book Shoppe.
   761 | D:2      | Found Ydwumn's General Store.
   846 | D:2      | Found Betat's General Store.
   855 | D:2      | Found Obonil's Antique Armour Shop.
   862 | D:2      | Reached XP level 3. HP: 27/27 MP: 3/3
   935 | D:2      | Found a transporter.
   938 | D:2      | Found Heiczogu's Jewellery Shop.
  1005 | D:2      | Found a transporter.
  1806 | D:3      | Noticed Terence
  2037 | D:3      | Found a shadowy altar of Dithmenos.
  2315 | D:3      | Reached XP level 4. HP: 18/33 MP: 4/4
  2378 | D:3      | Found a basalt altar of Yredelemnul.
  2428 | D:3      | Noticed Sigmund
  2597 | D:4      | Noticed a centaur
  2599 | D:4      | Killed a centaur
  2600 | D:4      | Reached skill level 5 in Ranged Weapons
  2600 | D:4      | Reached XP level 5. HP: 28/38 MP: 5/5
  2655 | D:4      | Found Aritem's Antique Weapon Shop.
  2976 | D:4      | Reached XP level 6. HP: 44/44 MP: 6/6
  3382 | D:5      | Entered Level 5 of the Dungeon
  3528 | D:5      | Reached XP level 7. HP: 50/50 MP: 7/7
  3662 | D:5      | Found Wuicuis's General Store.
  3670 | D:5      | Bought a scroll of blinking for 82 gold pieces
  3705 | D:5      | Identified the orb of Naffuod {light, Dex+3 Slay+3}
  3997 | D:3      | Killed Sigmund
  4249 | D:2      | Killed Terence
  4257 | D:2      | Bought a scroll of enchant weapon for 105 gold pieces
  4257 | D:2      | Bought a scroll of enchant weapon for 105 gold pieces
  4348 | D:6      | Noticed Grinder
  4354 | D:6      | Killed Grinder
  4355 | D:6      | Reached XP level 8. HP: 56/56 MP: 8/8
  4514 | D:6      | Found a broken altar of Ashenzari.
  4540 | D:6      | Reached skill level 10 in Ranged Weapons
  4590 | D:6      | Noticed Blork the orc
  4595 | D:6      | Killed Blork the orc
  4687 | D:6      | Found an iron altar of Okawaru.
  4867 | D:6      | Found a staircase to the Ecumenical Temple.
  4876 | Temple   | Entered the Ecumenical Temple
  4993 | D:7      | Reached XP level 9. HP: 61/61 MP: 9/9
  5125 | D:7      | Found a sand-covered staircase.
  5138 | Ossuary  | Entered an ossuary
  5138 | Ossuary  | Found a huge runed translucent gate.
  5138 | Ossuary  | Found a huge runed translucent gate.
  5138 | Ossuary  | Found a huge runed translucent gate.
  5138 | Ossuary  | Found a huge runed translucent gate.
  5138 | Ossuary  | Found a huge runed translucent gate.
  5138 | Ossuary  | Found a huge runed translucent gate.
  5138 | Ossuary  | Found a huge runed translucent gate.
  5138 | Ossuary  | Found a huge runed translucent gate.
  5139 | Ossuary  | Found a huge runed translucent gate.
  5139 | Ossuary  | Found a huge runed translucent gate.
  5139 | Ossuary  | Found a huge runed translucent gate.
  5140 | Ossuary  | Found a huge runed translucent gate.
  5140 | Ossuary  | Found a huge runed translucent gate.
  5142 | Ossuary  | Found a huge runed translucent gate.
  5142 | Ossuary  | Found a huge runed translucent gate.
  5158 | Ossuary  | Found a huge runed translucent gate.
  5158 | Ossuary  | Found a huge runed translucent gate.
  5158 | Ossuary  | Found a huge runed translucent gate.
  5158 | Ossuary  | Found a huge runed translucent gate.
  5158 | Ossuary  | Found a huge runed translucent gate.
  5210 | Ossuary  | Found a huge runed translucent gate.
  5210 | Ossuary  | Found a huge runed translucent gate.
  5212 | Ossuary  | Found a huge runed translucent gate.
  5212 | Ossuary  | Found a huge runed translucent gate.
  5213 | Ossuary  | Found a huge runed translucent gate.
  5213 | Ossuary  | Found a huge runed translucent gate.
  5214 | Ossuary  | Found a huge runed translucent gate.
  5214 | Ossuary  | Found a huge runed translucent gate.
  5219 | Ossuary  | Found a huge runed translucent gate.
  5219 | Ossuary  | Found a huge runed translucent gate.
  5226 | Ossuary  | Found a huge runed translucent gate.
  5226 | Ossuary  | Found a huge runed translucent gate.
  5226 | Ossuary  | Found a huge runed translucent gate.
  5226 | Ossuary  | Found a huge runed translucent gate.
  5226 | Ossuary  | Found a huge runed translucent gate.
  5486 | D:7      | Found a radiant altar of Vehumet.
  6034 | D:8      | Reached XP level 10. HP: 32/67 MP: 10/10
  6221 | D:8      | Noticed Erica
  6228 | D:8      | Killed Erica
  6725 | D:9      | Found a hazy altar of Hepliaklqana.
  6726 | D:9      | Found a bloodstained altar of Trog.
  7264 | D:9      | Found an opulent altar of Gozag.
  7296 | D:9      | Found a sacrificial altar of Ru.
  7323 | D:9      | Became a worshipper of Gozag Ym Sagoz the Greedy
  7545 | D:10     | Entered Level 10 of the Dungeon
  7583 | D:10     | Noticed a two-headed ogre
  7588 | D:10     | Killed a two-headed ogre
  7589 | D:10     | Reached skill level 3 in Dodging
  7672 | D:10     | Found an ornate altar of the Wu Jian Council.
  7760 | D:10     | Reached skill level 4 in Dodging
  7773 | D:10     | Reached XP level 11. HP: 57/72 MP: 11/11
  7800 | D:10     | Found a staircase to the Lair.
  8149 | D:10     | Noticed a sea snake
  8476 | D:11     | Reached skill level 5 in Dodging
  8633 | D:11     | Noticed a two-headed ogre
  8640 | D:11     | Killed a two-headed ogre
  8822 | D:11     | Reached skill level 6 in Dodging
  9580 | D:12     | Noticed Nessos
  9589 | D:12     | Killed Nessos
  9590 | D:12     | Reached skill level 7 in Dodging
  9807 | D:12     | Found a staircase to the Orcish Mines.
 10240 | D:12     | Bought a pair of runed gloves for 232 gold pieces
 10245 | D:12     | Bought an embroidered cloak for 232 gold pieces
 10330 | D:13     | Noticed a centaur warrior
 10336 | D:13     | Killed a centaur warrior
 10337 | D:13     | Reached skill level 8 in Dodging
 10466 | D:13     | Noticed a centaur warrior
 10473 | D:13     | Killed a centaur warrior
 10494 | D:13     | Reached skill level 9 in Dodging
 10494 | D:13     | Noticed a centaur warrior
 10505 | D:13     | Killed a centaur warrior
 10735 | D:13     | Noticed a green ugly thing
 10743 | D:13     | Killed a green ugly thing
 10744 | D:13     | Reached XP level 12. HP: 78/78 MP: 12/12
 10887 | Lair:1   | Entered Level 1 of the Lair of Beasts
 11000 | Lair:1   | Reached skill level 10 in Dodging
 11379 | Lair:1   | Noticed a death yak
 11381 | Lair:1   | Noticed a death yak
 11382 | Lair:1   | Noticed a death yak
 11388 | Lair:1   | Noticed a death yak
 11392 | Lair:1   | Killed a death yak
 11393 | Lair:1   | Reached skill level 11 in Dodging
 11398 | Lair:1   | Killed a death yak
 11435 | Lair:1   | Killed a death yak
 11443 | Lair:1   | Killed a death yak
 11734 | Lair:1   | Reached skill level 12 in Dodging
 11839 | Lair:1   | Found a runed translucent gate.
 11840 | Lair:1   | Found a runed translucent gate.
 11840 | Lair:1   | Noticed a great orb of eyes
 11841 | Lair:1   | Found a runed translucent gate.
 11848 | Lair:1   | Noticed Ypamuuh's ghost (journeyman OpSh)
 11849 | Lair:1   | Found a viscous altar of Jiyva.
 12637 | Lair:2   | Gained mutation: You are strongly in touch with the powers
                  | of death. [Mummy growth]
 12637 | Lair:2   | Reached XP level 13. HP: 83/83 MP: 13/13
 12661 | Lair:2   | Reached skill level 13 in Dodging
 12769 | Lair:2   | Found a hole to the Spider Nest.
 13204 | Lair:2   | Found a staircase to the Swamp.
 13362 | Lair:3   | Identified a scroll of acquirement
 13377 | Lair:3   | Identified the ring "Setzesum" {rF+ SInv}
 13404 | Lair:3   | Acquired 880 gold pieces
 13513 | Lair:3   | Reached skill level 14 in Dodging
 13636 | Lair:3   | Identified the +0 leather armour of Liberalism {Will+}
 14306 | Lair:2   | Bought a pitted plate armour for 812 gold pieces
 14306 | Lair:2   | Identified the +0 plate armour of Proximity {rPois SInv}
                  | (You bought it in a shop on level 2 of the Lair of Beasts)
 14661 | Lair:4   | Noticed Lutiheq's ghost (journeyman DrSh)
 14670 | Lair:4   | Found a bloodstained altar of Trog.
 14794 | Lair:4   | Reached skill level 15 in Dodging
 15084 | Lair:4   | Engulfed by a fire crab's flame

Illustrated notes

Levels and vault maps discovered:
D:1:      heliophobic_arrival_enchanted_forest, layout_basic, serial_shops,
          nicolae_shop_window_shopping, ebering_ecumenical_altar_webs,
          hangedman_glass_garden, minivault_14, kennysheep_crisscross
D:2:      layout_basic, serial_shops, shop, nicolae_shop_tiny_statue_garden,
          shop, shop, nicolae_shop_drivethru, ebering_dispersal_statue_hall,
          minmay_misc_feat_enclosed
D:3:      layout_loops_ring, grunt_dithmenos_smoke,
          lemuel_zombie_altar_yredelemnul, kennysheep_potato, uniq_terence,
          uniq_sigmund
D:4:      minmay_bubble_buster, layout_cave_pools, serial_shops, shop
D:5:      layout_rooms, serial_shops, nicolae_square_shop
D:6:      layout_cave_pools, okawaru_altar_gauntlet_db, temple_hall,
          minmay_ruined_shrine, uniq_grinder, uniq_blork_the_orc
D:7:      layout_cave_pools, vehumet_crystals, enter_ossuary_3
D:8:      layout_basic, uniq_erica
D:9:      layout_long_grid, mainiacjoe_overflow_catwalk_spiral,
          nicolae_ru_awakened_eye, grunt_temple_overflow_gold_and_silver
D:10:     layout_basic, general_overflow_altar, hellmonk_lair_entry_icy,
          serial_aquarium, aquarium_bridge_long_joined
          [aquarium_subvault_bridge, aquarium_subvault_bridge,
          aquarium_subvault_balcony, aquarium_subvault_wall,
          aquarium_subvault_bridge, aquarium_subvault_bridge],
          aquarium_bridge_square [aquarium_subvault_bridge,
          aquarium_subvault_bridge, aquarium_subvault_bridge,
          aquarium_subvault_bridge], aquarium_window_corridor_1,
          aquarium_window_fake, aquarium_window_fake, aquarium_view_2d,
          aquarium_view_2c, aquarium_pool_2
D:11:     layout_gridville, roderic_lattice_a
D:12:     layout_loops_ring, erik_orc_1, eino_curves_03, evilmike_minifort,
          uniq_urug, uniq_nessos
D:13:     gargoyle_guard, layout_basic, skrybe_vaults_entry_preservation
Temple:   nicolae_temple_x_marks_the_god
Lair:1:   layout_hall_layers, gammafunk_ghost_ooze, minivault_26
Lair:2:   layout_regular_city, mainiacjoe_swamp_entry_angry_trees,
          nicolae_spider_entry_lesser_pyramids
Lair:3:   layout_gridlike, nicolae_lair_lindhole, lemuel_fruit_fields
Lair:4:   layout_regular_city, gammafunk_ghost_wrathful_warriors,
          gauntlet_entry_generic, serial_rivers, chequers_serial_rivers_small_b,
          chequers_serial_rivers_micro_d, chequers_serial_rivers_micro_a,
          chequers_serial_rivers_large_b, grunt_forest_large_clearing_hut

Skill      XL: |  1  2  3  4  5  6  7  8  9 10 11 12 13 |
---------------+----------------------------------------+-----
Ranged Weapons | 4 5 6 7 8 10 12 14 | 14.0
Dodging        | 4 9 12 15 | 15.2
Fighting       | |  2.0
Stealth        | |  0.7

Action                     |  1- 3 |  4- 6 |  7- 9 | 10-12 | 13-15 || total
---------------------------+-------+-------+-------+-------+-------++-------
   Fire: Shortbow          |   113 |     6 |       |       |       ||   119
         Sling             |       |    91 |   250 |   656 |   322 ||  1319
 Invoke: Call Merchant     |       |       |       |     1 |     1 ||     2
  Evoke: Wand              |       |       |       |     4 |     4 ||     8
    Use: Scroll            |     7 |     3 |     5 |     7 |     5 ||    27
 Armour: Leather armour    |    36 |    31 |    71 |     1 |       ||   139
         Robe              |       |       |       |   114 |    40 ||   154
  Dodge: Dodged            |    37 |    56 |    49 |   212 |   171 ||   525
